| TOP OF THE 1ST |
|
Colorado Springs Sky Sox batting - Pitching for Indianapolis Indians : RHP Preston Larson
|
|
Pitching: RHP Preston Larson
|
|
|
Batting: LHB Greg Valenzuela
|
0-0: Ball 1-0: Ground out 6-3 (Groundball, 6M, EV 98.8 MPH)
|
|
Batting: RHB Juan Figueroa
|
0-0: Ground out 6-3 (Groundball, 6, EV 89.4 MPH)
|
|
Batting: RHB Mike McElroy
|
0-0: Foul Ball, location: 2F 0-1: Ball 1-1: Called Strike 1-2: Strikes out looking
|
| Top of the 1st over - 0 runs, 0 hits, 0 errors, 0 left on base; Colorado Springs 0 - Indianapolis 0 |
| BOTTOM OF THE 1ST |
|
Indianapolis Indians batting - Pitching for Colorado Springs Sky Sox : LHP Marc Eismann
|
|
Pitching: LHP Marc Eismann
|
|
|
Batting: RHB Jerry Escamilla
|
0-0: Ball 1-0: Ball 2-0: Called Strike 2-1: Foul Ball, location: 2F 2-2: Ball 3-2: Strikes out looking
|
|
Batting: RHB Bubba Tierney
|
0-0: Ball 1-0: Foul Ball, location: 2F 1-1: Foul Ball, location: 2F 1-2: Ball 2-2: Foul Ball, location: 2F 2-2: Foul Ball, location: 2F 2-2: DOUBLE (Line Drive, 7LS, EV 91.2 MPH)
|
|
Batting: RHB Chris Pozzi
|
0-0: Called Strike 0-1: Ball 1-1: Ground out 6-3 (Groundball, 6, EV 80.6 MPH) Bubba Tierney to third
|
|
Batting: LHB Alberto Figueroa
|
0-0: Foul Ball, location: 2F 0-1: Foul Ball, location: 2F 0-2: Foul Ball, location: 2F 0-2: Ball 1-2: Ground out 4-3 (Groundball, 4, EV 88.8 MPH)
|
| Bottom of the 1st over - 0 runs, 1 hit, 0 errors, 1 left on base; Colorado Springs 0 - Indianapolis 0 |
| TOP OF THE 2ND |
|
Colorado Springs Sky Sox batting - Pitching for Indianapolis Indians : RHP Preston Larson
|
|
Batting: LHB Michael Krott
|
0-0: Called Strike 0-1: Fly out, F7 (Line Drive, 78M, EV 103.8 MPH)
|
|
Batting: RHB John Boyer
|
0-0: Called Strike 0-1: Foul Ball, location: 2F 0-2: SINGLE (Groundball, 34D, EV 101.2 MPH)
|
|
Batting: LHB Luke Coulter
|
0-0: Called Strike 0-1: Called Strike 0-2: Ball 1-2: Foul Ball, location: 2F 1-2: Foul Ball, location: 2F 1-2: Ball 2-2: Ball 3-2: Foul Ball, location: 2F 3-2: Foul Ball, location: 2F 3-2: Base on Balls John Boyer to second
|
|
Batting: SHB Bobby Santor
|
0-0: Called Strike 0-1: Ball 1-1: Ball 2-1: Fielders Choice at 2nd, 1-6 (Groundball, P, EV 70.0 MPH) John Boyer to third
|
|
Batting: RHB Eduardo Camacho
|
0-0: Called Strike 0-1: Foul Ball, location: 2F 0-2: Ball 1-2: Foul Ball, location: 2F 1-2: Strikes out swinging
|
| Top of the 2nd over - 0 runs, 1 hit, 0 errors, 2 left on base; Colorado Springs 0 - Indianapolis 0 |
| BOTTOM OF THE 2ND |
|
Indianapolis Indians batting - Pitching for Colorado Springs Sky Sox : LHP Marc Eismann
|
|
Batting: RHB Isaiah Yarbrough
|
0-0: Ball 1-0: Ball 2-0: Called Strike 2-1: Ball 3-1: Base on Balls
|
|
Batting: RHB Luis Ramos
|
0-0: Ball 1-0: SINGLE (Groundball, 25, EV 67.5 MPH) (infield hit) Isaiah Yarbrough to second
|
|
Batting: LHB Jorge Quintana
|
0-0: Ball Wild Pitch! Isaiah Yarbrough to third Luis Ramos to second 1-0: Ground out 4-3 (Groundball, 4D, EV 81.2 MPH) Isaiah Yarbrough scores Luis Ramos to third
|
|
Batting: LHB Edwin Aguilar
|
0-0: Ball 1-0: Ball 2-0: Called Strike 2-1: Foul Ball, location: 2F 2-2: Reached on error, E3 (Groundball, 3, EV 101.9 MPH) Luis Ramos scores
|
|
Batting: RHB Slamet Pamungkas
|
0-0: Ball 1-0: Called Strike 1-1: Called Strike 1-2: Strikes out swinging
|
|
Batting: RHB Jerry Escamilla
|
0-0: Ball 1-0: Called Strike 1-1: Foul Ball, location: 2F 1-2: Ground out 4-3 (Groundball, 4, EV 101.9 MPH)
|
| Bottom of the 2nd over - 2 runs, 1 hit, 1 error, 1 left on base; Colorado Springs 0 - Indianapolis 2 |
| TOP OF THE 3RD |
|
Colorado Springs Sky Sox batting - Pitching for Indianapolis Indians : RHP Preston Larson
|
|
Batting: SHB Jamie Mims
|
0-0: Ground out 4-3 (Groundball, 4M, EV 101.9 MPH)
|
|
Batting: LHB Greg Valenzuela
|
0-0: Called Strike 0-1: DOUBLE (Line Drive, 9LS, EV 109.4 MPH)
|
|
Batting: RHB Juan Figueroa
|
0-0: Ball 1-0: Called Strike 1-1: Ball 2-1: DOUBLE (Line Drive, 89XD, EV 106.2 MPH) Greg Valenzuela scores
|
|
Batting: RHB Mike McElroy
|
0-0: Fly out, F8 (Flyball, 8RD, EV 91.9 MPH)
|
|
Batting: LHB Michael Krott
|
0-0: Ball 1-0: Called Strike 1-1: DOUBLE (Line Drive, 78D, EV 105.6 MPH) Juan Figueroa scores
|
|
Batting: RHB John Boyer
|
0-0: Called Strike 0-1: SINGLE (Groundball, 5D, EV 105.6 MPH) Michael Krott to third
|
|
Batting: LHB Luke Coulter
|
0-0: Called Strike 0-1: Ground out 4-3 (Groundball, 4, EV 81.2 MPH)
|
| Top of the 3rd over - 2 runs, 4 hits, 0 errors, 2 left on base; Colorado Springs 2 - Indianapolis 2 |
| BOTTOM OF THE 3RD |
|
Indianapolis Indians batting - Pitching for Colorado Springs Sky Sox : LHP Marc Eismann
|
|
Batting: RHB Bubba Tierney
|
0-0: Called Strike 0-1: Ball 1-1: Foul Ball, location: 2F 1-2: Ground out U3 (Groundball, 13, EV 85.6 MPH)
|
|
Batting: RHB Chris Pozzi
|
0-0: Foul Ball, location: 2F 0-1: Called Strike 0-2: Fly out, F9 (Line Drive, 9LS, EV 90.6 MPH)
|
|
Batting: LHB Alberto Figueroa
|
0-0: SINGLE (Groundball, 4MD, EV 80.0 MPH) (infield hit)
|
|
Batting: RHB Isaiah Yarbrough
|
0-0: Fielders Choice at 2nd, 6-4 (Groundball, 6, EV 86.2 MPH)
|
| Bottom of the 3rd over - 0 runs, 1 hit, 0 errors, 1 left on base; Colorado Springs 2 - Indianapolis 2 |
| TOP OF THE 4TH |
|
Colorado Springs Sky Sox batting - Pitching for Indianapolis Indians : RHP Preston Larson
|
|
Batting: SHB Bobby Santor
|
0-0: Ball 1-0: Foul Ball, location: 2F 1-1: Swinging Strike 1-2: Ground out U3 (Groundball, 3, EV 103.1 MPH)
|
|
Batting: RHB Eduardo Camacho
|
0-0: Ball 1-0: Ball 2-0: Fly out, F8 (Flyball, 8LXD, EV 89.4 MPH)
|
|
Batting: SHB Jamie Mims
|
0-0: Ball 1-0: Swinging Strike 1-1: Ground out 5-3 (Groundball, 56S, EV 68.1 MPH)
|
| Top of the 4th over - 0 runs, 0 hits, 0 errors, 0 left on base; Colorado Springs 2 - Indianapolis 2 |
| BOTTOM OF THE 4TH |
|
Indianapolis Indians batting - Pitching for Colorado Springs Sky Sox : LHP Marc Eismann
|
|
Batting: RHB Luis Ramos
|
0-0: Foul Ball, location: 2F 0-1: Ball 1-1: Foul Ball, location: 2F 1-2: Ground out 1-3 (Groundball, P, EV 64.4 MPH)
|
|
Batting: LHB Jorge Quintana
|
0-0: Foul Ball, location: 2F 0-1: Ball 1-1: SINGLE (Groundball, 56S, EV 70.6 MPH) (infield hit)
|
|
Batting: LHB Edwin Aguilar
|
0-0: Ball 1-0: Called Strike Jorge Quintana steals 2nd base 1-1: Swinging Strike 1-2: Foul Ball, location: 2F 1-2: Ball 2-2: SINGLE (Groundball, 4MS, EV 63.8 MPH) (infield hit) Jorge Quintana to third
|
|
Batting: RHB Slamet Pamungkas
|
0-0: Ball 1-0: Ball 2-0: Called Strike 2-1: Ball 3-1: Fly out, F7 (Line Drive, 7S, EV 104.4 MPH)
|
|
Batting: RHB Jerry Escamilla
|
0-0: Ground out 1-3 (Groundball, 34S, EV 68.8 MPH)
|
| Bottom of the 4th over - 0 runs, 2 hits, 0 errors, 2 left on base; Colorado Springs 2 - Indianapolis 2 |
| TOP OF THE 5TH |
|
Colorado Springs Sky Sox batting - Pitching for Indianapolis Indians : RHP Preston Larson
|
|
Batting: LHB Greg Valenzuela
|
0-0: Called Strike 0-1: Foul Ball, location: 2F 0-2: Foul Ball, location: 2F 0-2: Foul Ball, location: 2F 0-2: Ball 1-2: Foul Ball, location: 2F 1-2: Fly out, F8 (Flyball, 78D, EV 81.9 MPH)
|
|
Batting: RHB Juan Figueroa
|
0-0: Ball 1-0: Ball 2-0: Foul Ball, location: 2F 2-1: Foul Ball, location: 2F 2-2: Foul Ball, location: 2F 2-2: Foul Ball, location: 2F 2-2: Strikes out swinging
|
|
Batting: RHB Mike McElroy
|
0-0: Ball 1-0: Foul Ball, location: 2F 1-1: Ground out 6-3 (Groundball, 6, EV 105.6 MPH)
|
| Top of the 5th over - 0 runs, 0 hits, 0 errors, 0 left on base; Colorado Springs 2 - Indianapolis 2 |
| BOTTOM OF THE 5TH |
|
Indianapolis Indians batting - Pitching for Colorado Springs Sky Sox : LHP Marc Eismann
|
|
Batting: RHB Bubba Tierney
|
0-0: Called Strike 0-1: Swinging Strike 0-2: Ball 1-2: Foul Ball, location: 2F 1-2: Strikes out swinging
|
|
Batting: RHB Chris Pozzi
|
0-0: Ball 1-0: Swinging Strike 1-1: Ball 2-1: Fly out, F4 (Line Drive, 4, EV 76.9 MPH)
|
|
Batting: LHB Alberto Figueroa
|
0-0: Called Strike 0-1: Ground out 6-3 (Groundball, 6, EV 101.9 MPH)
|
| Bottom of the 5th over - 0 runs, 0 hits, 0 errors, 0 left on base; Colorado Springs 2 - Indianapolis 2 |
| TOP OF THE 6TH |
|
Colorado Springs Sky Sox batting - Pitching for Indianapolis Indians : RHP Preston Larson
|
|
Batting: LHB Michael Krott
|
0-0: Ball 1-0: Foul Ball, location: 2F 1-1: Called Strike 1-2: SINGLE (Groundball, 4MD, EV 102.5 MPH)
|
|
Batting: RHB John Boyer
|
0-0: Ball 1-0: Grounds into double play, 5-4-3 (Groundball, 5, EV 87.5 MPH)
|
|
Batting: LHB Luke Coulter
|
0-0: SINGLE (Groundball, 6MD, EV 98.8 MPH)
|
|
Batting: SHB Bobby Santor
|
0-0: Ball 1-0: Ball 2-0: Ball 3-0: Called Strike 3-1: Called Strike 3-2: Foul Ball, location: 2F 3-2: Fly out, F6 (Popup, 6M, EV 70.6 MPH)
|
| Top of the 6th over - 0 runs, 2 hits, 0 errors, 1 left on base; Colorado Springs 2 - Indianapolis 2 |
| BOTTOM OF THE 6TH |
|
Indianapolis Indians batting - Pitching for Colorado Springs Sky Sox : LHP Marc Eismann
|
|
Batting: RHB Isaiah Yarbrough
|
0-0: Ball 1-0: Called Strike 1-1: SINGLE (Line Drive, 9LS, EV 94.4 MPH)
|
|
Batting: RHB Luis Ramos
|
0-0: Called Strike 0-1: Called Strike 0-2: Foul Ball, location: 2F 0-2: Ground out 5-3 (Groundball, 56, EV 89.4 MPH) Isaiah Yarbrough to second
|
|
Batting: LHB Jorge Quintana
|
0-0: Swinging Strike 0-1: DOUBLE (Groundball, 3L, EV 100.6 MPH) Isaiah Yarbrough scores
|
|
Batting: LHB Edwin Aguilar
|
0-0: Ball 1-0: Ball 2-0: Swinging Strike 2-1: Ball 3-1: SINGLE (Line Drive, 9S, EV 93.8 MPH) Jorge Quintana to third Runner from 3rd tries for Home, SAFE, throw by RF to home
|
|
Batting: RHB Slamet Pamungkas
|
0-0: Fielders Choice at 2nd, 4-6 (Groundball, 34, EV 77.5 MPH)
|
|
Batting: RHB Jerry Escamilla
|
0-0: Ball Slamet Pamungkas steals 2nd base 1-0: Called Strike 1-1: Ball 2-1: Swinging Strike 2-2: Strikes out swinging
|
| Bottom of the 6th over - 2 runs, 3 hits, 0 errors, 1 left on base; Colorado Springs 2 - Indianapolis 4 |
| TOP OF THE 7TH |
|
Colorado Springs Sky Sox batting - Pitching for Indianapolis Indians : RHP Preston Larson
|
|
Batting: RHB Eduardo Camacho
|
0-0: Ball 1-0: Ball 2-0: Swinging Strike 2-1: SINGLE (Flyball, 78S, EV 93.8 MPH)
|
|
Batting: SHB Jamie Mims
|
0-0: Called Strike 0-1: Ball 1-1: Ball 2-1: Ball 3-1: Bunted foul 3-2: Ground out U3 (Groundball, 3, EV 86.9 MPH) Eduardo Camacho to second
|
|
Batting: LHB Greg Valenzuela
|
0-0: Ball 1-0: Ball 2-0: Foul Ball, location: 2F 2-1: Ball 3-1: Base on Balls
|
|
Pitching: LHP Hideharu Omoto
|
|
|
Batting: RHB Juan Figueroa
|
0-0: Called Strike 0-1: Called Strike Eduardo Camacho is caught stealing 3rd base 2-5 Greg Valenzuela to second 0-2: Ball 1-2: Fly out, F3 (Popup, 3SF, EV 76.9 MPH)
|
| Top of the 7th over - 0 runs, 1 hit, 0 errors, 1 left on base; Colorado Springs 2 - Indianapolis 4 |
| BOTTOM OF THE 7TH |
|
Indianapolis Indians batting - Pitching for Colorado Springs Sky Sox : LHP Marc Eismann
|
|
Pitching: RHP Vas Karamyshev
|
|
|
Batting: RHB Bubba Tierney
|
0-0: Swinging Strike 0-1: Ball 1-1: Foul Ball, location: 2F 1-2: Strikes out swinging
|
|
Batting: RHB Chris Pozzi
|
0-0: Swinging Strike 0-1: SINGLE (Groundball, 6, EV 95.0 MPH)
|
|
Batting: LHB Alberto Figueroa
|
0-0: 2-RUN HOME RUN (Flyball, 9D, EV 95.6 MPH), Distance : 353 ft
|
|
Batting: RHB Isaiah Yarbrough
|
0-0: Called Strike 0-1: Called Strike 0-2: Ground out 1-3 (Groundball, 15S, EV 65.6 MPH)
|
|
Batting: RHB Luis Ramos
|
0-0: Ball 1-0: Swinging Strike 1-1: Ball 2-1: Ball 3-1: Base on Balls
|
|
Batting: LHB Jorge Quintana
|
0-0: Called Strike Luis Ramos steals 2nd base 0-1: SINGLE (Groundball, 4D, EV 98.1 MPH) Luis Ramos to third Runner from 3rd tries for Home, throw by RF and OUT! 9-2
|
| Bottom of the 7th over - 2 runs, 3 hits, 0 errors, 1 left on base; Colorado Springs 2 - Indianapolis 6 |
| TOP OF THE 8TH |
|
Colorado Springs Sky Sox batting - Pitching for Indianapolis Indians : LHP Hideharu Omoto
|
|
Batting: RHB Mike McElroy
|
0-0: Ball 1-0: Foul Ball, location: 2F 1-1: Ball 2-1: Ball 3-1: Base on Balls
|
|
Batting: LHB Michael Krott
|
0-0: Foul Ball, location: 2F 0-1: Ball 1-1: Foul Ball, location: 2F 1-2: Strikes out swinging
|
|
Batting: RHB John Boyer
|
0-0: Ball 1-0: Grounds into double play, 6-4-3 (Groundball, 6, EV 81.2 MPH)
|
| Top of the 8th over - 0 runs, 0 hits, 0 errors, 0 left on base; Colorado Springs 2 - Indianapolis 6 |
| BOTTOM OF THE 8TH |
|
Indianapolis Indians batting - Pitching for Colorado Springs Sky Sox : RHP Vas Karamyshev
|
|
Pitching: RHP Sipi Kilpinen
|
|
|
Batting: LHB Edwin Aguilar
|
0-0: Called Strike 0-1: Called Strike 0-2: Ball 1-2: Foul Ball, location: 2F 1-2: Foul Ball, location: 2F 1-2: Ball 2-2: Ball 3-2: TRIPLE (Line Drive, 78XD, EV 105.0 MPH)
|
|
Batting: RHB Slamet Pamungkas
|
0-0: Called Strike 0-1: Ground out 4-3 (Groundball, 4, EV 89.4 MPH) Edwin Aguilar scores
|
|
Batting: RHB Jerry Escamilla
|
0-0: Called Strike 0-1: Ball 1-1: Foul Ball, location: 2F 1-2: Foul Ball, location: 2F 1-2: Ground out U3 (Groundball, 34, EV 92.5 MPH)
|
|
Batting: RHB Bubba Tierney
|
0-0: Ball 1-0: Foul Ball, location: 2F 1-1: Foul Ball, location: 2F 1-2: Fly out, F1 (Line Drive, P, EV 61.9 MPH)
|
| Bottom of the 8th over - 1 run, 1 hit, 0 errors, 0 left on base; Colorado Springs 2 - Indianapolis 7 |
| TOP OF THE 9TH |
|
Colorado Springs Sky Sox batting - Pitching for Indianapolis Indians : LHP Hideharu Omoto
|
|
Batting: LHB Luke Coulter
|
0-0: Called Strike 0-1: Called Strike 0-2: Foul Ball, location: 2F 0-2: Ball 1-2: Ball 2-2: Foul Ball, location: 2F 2-2: Strikes out swinging
|
|
Batting: SHB Bobby Santor
|
0-0: Called Strike 0-1: Ball 1-1: Foul Ball, location: 2F 1-2: Ball 2-2: Strikes out swinging
|
|
Batting: RHB Eduardo Camacho
|
0-0: Ball 1-0: Swinging Strike 1-1: Ball 2-1: Called Strike 2-2: Foul Ball, location: 2F 2-2: Strikes out looking
|
| Top of the 9th over - 0 runs, 0 hits, 0 errors, 0 left on base; Colorado Springs 2 - Indianapolis 7 |
|